Workbook

Sheet PRIORIZACION CANTIDADES
A3: PROCESO DE GESTIÓN CONTRACTUAL ANEXO 7 FORMATO ANEXO FICHA TÉCNICA
A4: 28 de mayo de 2025 Señores SERVICIO NACIONAL DE APRENDIZAJE SENA Manizales Ref.: Proceso MINIMA CUANTIA MC-CLD-CFC-006-2025 OBJETO DEL CONTRATO: 17_9112_86 CONTRATAR EL MANTENIMIENTO PREVENTIVO Y CORRECTIVO DEL SISTEMA HIDRICO DEL CENTRO PARA LA FORMACION CAFETERA. El valor total con todos los impuestos, costos directos e indirectos es $60.764.562 ( SESENTA MILLONES SETECIENTOS SESENTA Y CUATRO MIL QUINIENTOS SESENTA Y DOS PESOS MCTE) JESUS DAVID QUINTERO GARCIA, actuando en calidad de Representante legal de Q&Q INGNEIERIA S.A.S, certifico que se cumplirá con todas las especificaciones técnicas requeridas para la ejecución del contrato.
A7: ÍTEM | B7: ACTIVIDAD | C7: UNIDAD | D7: CANTIDAD | E7: VALOR UNITARIO | F7: VALOR PARCIAL
A10: 1. | B10: Obras de Mantenimiento y correcciones en el área de la porcícola del Centro para la Formación Cafetera
A11: 1.1 | B11: Mantenimiento correctivo de la motobomba incluye Instalación, montaje y empotramiento. | C11: UN | D11: =Cantidades!I9 -> 2 | E11: 405000 | F11: =+D11*E11 -> 810000
A12: 1.2 | B12: Reposición de la caja de inspección de 60 x 60, incluye tapa en lámina galvanizada para instalación de motobomba. | C12: UN | D12: =Cantidades!I18 -> 3 | E12: 625148 | F12: =+D12*E12 -> 1875444
A13: 1.3 | B13: Reemplazo e instalación de Tee, D=2", para instalación de dos motobombas. | C13: UN | D13: =Cantidades!I27 -> 1 | E13: 87463 | F13: =+D13*E13 -> 87463
A15: 2. | B15: Mantenimiento calibración y pruebas a los medidores de agua potable
A16: 2.1 | B16: Revisión, calibración y pruebas a los medidores de agua de ganadería, porcícola y tanques de abastecimiento. | C16: UN | D16: =Cantidades!I37 -> 3 | E16: 240000 | F16: =+D16*E16 -> 720000
A17: 2.2 | B17: Reemplazo de la caja de inspección en concreto de 3000 PSI, con tapa en concreto reforzado, para medidor de ganadería y porcícola, incluye excavación y lleno. | C17: UN | D17: =Cantidades!I47 -> 2 | E17: 658412 | F17: =+D17*E17 -> 1316824
A19: 3. | B19: Mantenimiento del tanque desarenador del sector de la bocatoma
A20: 3.1 | B20: Lavado del tanque desarenador del sistema de abastecimiento de agua cruda. | C20: M2 | D20: =Cantidades!I63 -> 23.89 | E20: 12000 | F20: =+D20*E20 -> 286680
A21: 3.2 | B21: Realizar resanes a la superficie del tanque desarenador | C21: M2 | D21: =Cantidades!I79 -> 7.17 | E21: 27500 | F21: =+D21*E21 -> 197175
A22: 3.3 | B22: Pintura de las superficies del tanque desarenador con pintura Epoxi de grado alimenticio. | C22: M2 | D22: =Cantidades!I95 -> 35.39 | E22: 49800 | F22: =+D22*E22 -> 1762422
A23: 3.4 | B23: Reposición del andén en concreto de 3000 PSI, e= 10 cm, de 1 metro de ancho, incluye, afirmado y compactación. | C23: M2 | D23: 6.5 | E23: 198500 | F23: =+D23*E23 -> 1290250
A24: 3.5 | B24: Excavación en material común zona tanque desarenador | C24: M3 | D24: 4.8 | E24: 40000 | F24: =+D24*E24 -> 192000
A25: 3.6 | B25: Llenos en material del sitio zona tanque desarenador | C25: M3 | D25: =Cantidades!I143 -> 9.3 | E25: 32000 | F25: =+D25*E25 -> 297600
A26: 3.7 | B26: Cambio de tapón roscado D=4" | C26: UN | D26: 4 | E26: 34215 | F26: =+D26*E26 -> 136860
A28: 4. | B28: Mantenimiento de la Bocatoma
A29: 4.1 | B29: Lavado de las superficies de la bocatoma | C29: M2 | D29: =Cantidades!I162 -> 21.81 | E29: 12000 | F29: =+D29*E29 -> 261720
A30: 4.2 | B30: Resanes de las superficies de la bocatoma | C30: M2 | D30: =Cantidades!I182 -> 15.27 | E30: 27500 | F30: =+D30*E30 -> 419925
A31: 4.3 | B31: Pintura de las superficies de la bocatoma con pintura epoxi de grado alimenticio. | C31: M2 | D31: =Cantidades!I202 -> 21.81 | E31: 49800 | F31: =+D31*E31 -> 1086138
A32: 4.4 | B32: Reemplazo e instalación de manguera de polietileno, D=4", para Bypass. En la bocatoma, incluye excavación, lleno y compactación. | C32: ML | D32: =Cantidades!I218 -> 20 | E32: 31478 | F32: =+D32*E32 -> 629560
A33: 4.5 | B33: Reemplazo e instalación de válvula de cierre rápido en D=4" | C33: UN | D33: =Cantidades!I234 -> 1 | E33: =780950*0.8 -> 624760 | F33: =+D33*E33 -> 624760
A34: 4.6 | B34: Reposición del andén en concreto de 3000 PSI, e= 10 cm, de 1 metro de ancho, incluye, afirmado y compactación. | C34: M2 | D34: =Cantidades!I250 -> 9 | E34: 198500 | F34: =+D34*E34 -> 1786500
A35: 4.7 | B35: Excavación en conglomerado zona bocatoma | C35: M3 | D35: =Cantidades!I266 -> 25.5 | E35: 40000 | F35: =+D35*E35 -> 1020000
A36: 4.8 | B36: Llenos en material del sitio zona bocatoma | C36: M3 | D36: =Cantidades!I282 -> 38.4 | E36: 32000 | F36: =+D36*E36 -> 1228800
A37: 4.9 | B37: Realce de muro en concreto 2,8 x 0,4 x 0,2 m, de 3000 PSI con vertedero de 1 metro de ancho | C37: GB | D37: 1 | E37: =559850*0.9 -> 503865 | F37: =+D37*E37 -> 503865
A38: 4.10 | B38: Desmonte de compuerta metálica existente con reemplazo por realce de muro en concreto de 1 m x 0,7 m x 0,1 m. | C38: UN | D38: 1 | E38: =458950*0.9 -> 413055 | F38: =+D38*E38 -> 413055
A39: 4.11 | B39: Suministro e instalación de tapón roscado D=4", incluye demolición, niple, adaptador y emboquillado en muro | C39: UN | D39: 1 | E39: 356200 | F39: =+D39*E39 -> 356200
A41: 5. | B41: Mantenimiento del tanque de Producción agopecuaria
A42: 5.1 | B42: Lavado del tanque de producción agropecuaria | C42: M2 | D42: =Cantidades!I298 -> 93.96 | E42: 12000 | F42: =+D42*E42 -> 1127520
A43: 5.2 | B43: Resanes a las superficies del tanque de producción agropecuaria | C43: M2 | D43: =Cantidades!I314 -> 28.19 | E43: 27500 | F43: =+D43*E43 -> 775225
A44: 5.3 | B44: Pintura de las superficies del tanque de producción Agropecuaria con pintura epoxi de grado alimenticio. | C44: M2 | D44: =Cantidades!I330 -> 112.96 | E44: 49800 | F44: =+D44*E44 -> 5625408
A45: 5.4 | B45: Reposición del andén en concreto de 3000 PSI, e= 10 cm, de 1 metro de ancho, incluye excavación, afirmado y compactación. | C45: M2 | D45: =Cantidades!I346 -> 12 | E45: 198500 | F45: =+D45*E45 -> 2382000
A46: 5.5 | B46: Excavación en material común zona tanque de producción agropecuaria | C46: M3 | D46: =Cantidades!I362 -> 37.3 | E46: 40000 | F46: =+D46*E46 -> 1492000
A47: 5.6 | B47: Llenos en material del sitio zona tanque de producción agropecuaria | C47: M3 | D47: =Cantidades!I378 -> 28.52 | E47: 32000 | F47: =+D47*E47 -> 912640
A48: 5.7 | B48: Pintura del cerramiento en malla perimetral, H=1,5. | C48: M2 | D48: =Cantidades!I394 -> 78.48 | E48: 28500 | F48: =+D48*E48 -> 2236680
A49: 5.8 | B49: Reemplazo e instalación de manguera de polietileno, D=4", para Bypass. En el tanque de producción agropecuaria, incluye excavación, lleno y compactación. | C49: ML | D49: =Cantidades!I410 -> 20 | E49: 31478 | F49: =+D49*E49 -> 629560
A50: 5.9 | B50: Cambio e instalación de Tee, D=2" para Bypass. | C50: UN | D50: =Cantidades!I426 -> 1 | E50: 87463 | F50: =+D50*E50 -> 87463
A51: 5.10 | B51: Reposición de la caja de inspección en concreto de 3000 PSI de 40 x 40, con tapa en concreto reforzado, incluye excavación, lleno y compactación de terreno. | C51: UN | D51: =Cantidades!I442 -> 2 | E51: 601200 | F51: =+D51*E51 -> 1202400
A52: 5.11 | B52: Reemplazo e instalación de válvula de cierre rápido en D=2" | C52: UN | D52: =Cantidades!I458 -> 1 | E52: 650125 | F52: =+D52*E52 -> 650125
A53: 5.12 | B53: Adecuación del tubo de conducción hacia el tanque de producción pecuaria (enterrado) | C53: ML | D53: 3 | E53: 44874 | F53: =+D53*E53 -> 134622
A54: 5.13 | B54: Caja de inspección en concreto de 3000 PSI de 60 x 60 incluye tapa en lámina de alfajor con candado | C54: UN | D54: 1 | E54: 852400 | F54: =+D54*E54 -> 852400
A55: 5.14 | B55: Suministro, transporte e instalación de medidor de agua D= 1 1/2" (Incluye llave de cortina 1 1/2" tipo Red White) | C55: UN | D55: 1 | E55: 1725410 | F55: =+D55*E55 -> 1725410
A56: 5.15 | B56: Construcción de bypass de mantenimiento entre línea de conducción y caja de salida, D= 1 1/2". | C56: ML | D56: 9 | E56: 27200 | F56: =+D56*E56 -> 244800
A57: 5.16 | B57: Suministro, e instalación de llave de cortina tipo Red White D= 1 1/2" para Bypass | C57: UN | D57: 2 | E57: 398501 | F57: =+D57*E57 -> 797002
A59: 6. | B59: Mantenimiento del tanque de feijoas
A60: 6.1 | B60: Lavado del tanque de Feijoas | C60: M2 | D60: =Cantidades!I474 -> 77.25 | E60: 12000 | F60: =+D60*E60 -> 927000
A61: 6.2 | B61: Resanes a las superficies del tanque de Feijoas | C61: M2 | D61: =Cantidades!I490 -> 23.18 | E61: 27500 | F61: =+D61*E61 -> 637450
A62: 6.3 | B62: Pintura del tanque de feijoas | C62: M2 | D62: =Cantidades!I506 -> 97.25 | E62: 49800 | F62: =+D62*E62 -> 4843050
A63: 6.4 | B63: Reposición del andén en concreto de 3000 PSI, e= 10 cm, de 1 metro de ancho, incluye excavación, afirmado y compactación. | C63: M2 | D63: 5 | E63: 198500 | F63: =+D63*E63 -> 992500
A64: 6.5 | B64: Excavación en material común zona tanque de feijoas | C64: M3 | D64: 40 | E64: 40000 | F64: =+D64*E64 -> 1600000
A65: 6.6 | B65: Llenos en material del sitio zona tanque de feijoas | C65: M3 | D65: 61 | E65: 32000 | F65: =+D65*E65 -> 1952000
A66: 6.7 | B66: Pintura del cerramiento en malla perimetral, H=1,5. | C66: M2 | D66: =Cantidades!I570 -> 60 | E66: 28500 | F66: =+D66*E66 -> 1710000
B69: VALOR SUBTOTAL | F69: =SUM(F11:F68) -> 50840496
C71: Administracion | E71: 0.1 | F71: =ROUND(F69*E71,0) -> 5084050
C72: Utilidad | E72: 0.08 | F72: =ROUND(E72*F69,0) -> 4067240
C73: IVA sobre Utilidad | E73: 0.19 | F73: =ROUND(E73*F72,0) -> 772776
C74: Costos indirectos | F74: =F73+F72+F71 -> 9924066
C76: TOTAL | F76: =F74+F69 -> 60764562
B79: JESUS DAVID QUINTERO GARCIA
B80: REP. LEGAL Q&Q INGENIERIA S.A.S

Sheet Cantidades
A3: ITEM | B3: =#REF! -> #REF! | C3: =#REF! -> #REF! | M3: UNIDAD | N3: =#REF! -> #REF!
A4: FECHA dd-mm-aaaa | B4: LOCALIZACIÓN | D4: DIMENSIONES | G4: CANTIDAD | H4: UNIDAD | I4: TOTAL | J4: ESQUEMA
D5: Largo | E5: Ancho | F5: Alto | I5: ACUMULADO
B6: Zona porcícola, se utiliazará para llenado de tanques de abastecimiento de agua para la ganadería | G6: 1 | H6: UNIDAD | I6: =G6 -> 1
B7: Entrega almacén, se utilizará para lavado de la zona de porcícola | G7: 1 | H7: UNIDAD | I7: 1
A9: TOTAL CANTIDAD | I9: =SUM(I6:I8) -> 2
A12: ITEM | B12: =#REF! -> #REF! | C12: =#REF! -> #REF! | M12: UNIDAD | N12: =#REF! -> #REF!
A13: FECHA dd-mm-aaaa | B13: LOCALIZACIÓN | D13: DIMENSIONES | G13: CANTIDAD | H13: UNIDAD | I13: TOTAL | J13: ESQUEMA
D14: Largo | E14: Ancho | F14: Alto | I14: ACUMULADO
B15: Caja de inspección para la instalación de la motobomba destinada al abastecimiento de los lotes de ganadería | G15: 1 | H15: UNIDAD | I15: =G15 -> 1
B16: Caja de inspección para la instalación de la motobomba destinada al lavado y conservación del area de la porcícola. | G16: 1 | H16: UNIDAD | I16: =G16 -> 1
B17: Caja de inspección motobomba biodigestor | G17: 1 | H17: UNIDAD | I17: 1
A18: TOTAL CANTIDAD | I18: =SUM(I15:I17) -> 3
A21: ITEM | B21: =#REF! -> #REF! | C21: =#REF! -> #REF! | M21: UNIDAD | N21: =#REF! -> #REF!
A22: FECHA dd-mm-aaaa | B22: LOCALIZACIÓN | D22: DIMENSIONES | G22: CANTIDAD | H22: UNIDAD | I22: TOTAL | J22: ESQUEMA
D23: Largo | E23: Ancho | F23: Alto | I23: ACUMULADO
B24: Necesaria como derivación para la instalación de las dos motobombas | G24: 1 | I24: =G24 -> 1
A27: TOTAL CANTIDAD | I27: =SUM(I24:I26) -> 1
A30: ITEM | B30: =#REF! -> #REF! | C30: =#REF! -> #REF! | M30: UNIDAD | N30: =#REF! -> #REF!
A31: FECHA dd-mm-aaaa | B31: LOCALIZACIÓN | D31: DIMENSIONES | G31: CANTIDAD | H31: UNIDAD | I31: TOTAL | J31: ESQUEMA
D32: Largo | E32: Ancho | F32: Alto | I32: ACUMULADO
B33: Medidor para reposición | G33: 1 | I33: =G33 -> 1
B34: Medidor de ganadería y porcícola | G34: 1 | I34: =G34 -> 1
B35: Medidor del tanque de producción agropecuaria | G35: 1 | I35: =G35 -> 1
A37: TOTAL CANTIDAD | I37: =SUM(I33:I36) -> 3
A40: ITEM | B40: =#REF! -> #REF! | C40: =#REF! -> #REF! | M40: UNIDAD | N40: =#REF! -> #REF!
A41: FECHA dd-mm-aaaa | B41: LOCALIZACIÓN | D41: DIMENSIONES | G41: CANTIDAD | H41: UNIDAD | I41: TOTAL | J41: ESQUEMA
D42: Largo | E42: Ancho | F42: Alto | I42: ACUMULADO
B43: Para la instalación del medidor de agua de ganadería | G43: 1 | H43: UN | I43: =G43 -> 1
B44: Para la instalación del medidor de agua de porcícola | G44: 1 | H44: UN | I44: =G44 -> 1
A47: TOTAL CANTIDAD | I47: =SUM(I43:I46) -> 2
A50: ITEM | B50: =#REF! -> #REF! | C50: =#REF! -> #REF! | M50: UNIDAD | N50: =#REF! -> #REF!
A51: FECHA dd-mm-aaaa | B51: LOCALIZACIÓN | D51: DIMENSIONES | G51: CANTIDAD | H51: UNIDAD | I51: TOTAL | J51: ESQUEMA
D52: Largo | E52: Ancho | F52: Alto | I52: ACUMULADO
B53: Caras internas | D53: 1.24 | E53: 1.3 | G53: 3 | H53: M2 | I53: =ROUND(PRODUCT(D53,E53,F53,G53),2) -> 4.84
B54: Caras internas | D54: 1.24 | F54: 1.25 | G54: 6 | H54: M2 | I54: =ROUND(PRODUCT(D54,E54,F54,G54),2) -> 9.3
B55: Caras internas | E55: 1.3 | F55: 1.25 | G55: 6 | H55: M2 | I55: =ROUND(PRODUCT(D55,E55,F55,G55),2) -> 9.75
A63: TOTAL CANTIDAD | I63: =SUM(I53:I62) -> 23.89
A66: ITEM | B66: =#REF! -> #REF! | C66: =#REF! -> #REF! | M66: UNIDAD | N66: =#REF! -> #REF!
A67: FECHA dd-mm-aaaa | B67: LOCALIZACIÓN | D67: DIMENSIONES | G67: CANTIDAD | H67: UNIDAD | I67: TOTAL | J67: ESQUEMA
D68: Largo | E68: Ancho | F68: Alto | I68: ACUMULADO
B69: Caras internas | D69: 1.24 | E69: 1.3 | G69: =3*0.3 -> 0.9 | H69: M2 | I69: =ROUND(PRODUCT(D69,E69,F69,G69),2) -> 1.45
B70: Caras internas | D70: 1.24 | F70: 1.25 | G70: =6*0.3 -> 1.8 | H70: M2 | I70: =ROUND(PRODUCT(D70,E70,F70,G70),2) -> 2.79
B71: Caras internas | E71: 1.3 | F71: 1.25 | G71: =6*0.3 -> 1.8 | H71: M2 | I71: =ROUND(PRODUCT(D71,E71,F71,G71),2) -> 2.93
A79: TOTAL CANTIDAD | I79: =SUM(I69:I78) -> 7.17
A82: ITEM | B82: =#REF! -> #REF! | C82: =#REF! -> #REF! | M82: UNIDAD | N82: =#REF! -> #REF!
A83: FECHA dd-mm-aaaa | B83: LOCALIZACIÓN | D83: DIMENSIONES | G83: CANTIDAD | H83: UNIDAD | I83: TOTAL | J83: ESQUEMA
D84: Largo | E84: Ancho | F84: Alto | I84: ACUMULADO
B85: Caras internas | D85: 1.24 | E85: 1.3 | G85: 3 | H85: M2 | I85: =ROUND(PRODUCT(D85,E85,F85,G85),2) -> 4.84
B86: Caras internas | D86: 1.24 | F86: 1.25 | G86: 6 | H86: M2 | I86: =ROUND(PRODUCT(D86,E86,F86,G86),2) -> 9.3
B87: Caras internas | E87: 1.3 | F87: 1.25 | G87: 6 | H87: M2 | I87: =ROUND(PRODUCT(D87,E87,F87,G87),2) -> 9.75
B88: Caras externas | D88: 3.7 | E88: 1.25 | G88: 1 | H88: M2 | I88: =ROUND(PRODUCT(D88,E88,F88,G88),2) -> 4.63
B89: Caras externas | D89: 3.7 | F89: 1 | G89: 1 | H89: M2 | I89: =ROUND(PRODUCT(D89,E89,F89,G89),2) -> 3.7
B90: Caras externas | D90: 3.7 | E90: 0.4 | G90: 1 | H90: M2 | I90: =ROUND(PRODUCT(D90,E90,F90,G90),2) -> 1.48
B91: Caras externas | E91: 1.3 | F91: 0.5 | G91: 1 | H91: M2 | I91: =ROUND(PRODUCT(D91,E91,F91,G91),2) -> 0.65
B92: Caras externas | E92: 1.3 | F92: 0.8 | G92: 1 | H92: M2 | I92: =ROUND(PRODUCT(D92,E92,F92,G92),2) -> 1.04
A95: TOTAL CANTIDAD | I95: =SUM(I85:I94) -> 35.39
A98: ITEM | B98: =#REF! -> #REF! | C98: =#REF! -> #REF! | M98: UNIDAD | N98: =#REF! -> #REF!
A99: FECHA dd-mm-aaaa | B99: LOCALIZACIÓN | D99: DIMENSIONES | G99: CANTIDAD | H99: UNIDAD | I99: TOTAL | J99: ESQUEMA
D100: Largo | E100: Ancho | F100: Alto | I100: ACUMULADO
B101: Cara lateral | D101: 6 | E101: 2 | G101: 1 | H101: M2 | I101: =ROUND(PRODUCT(D101,E101,F101,G101),2) -> 12
B102: Cara frontal | D102: 3 | E102: 2 | G102: 1 | H102: M2 | I102: 1
A111: TOTAL CANTIDAD | I111: =SUM(I101:I110) -> 13
A114: ITEM | B114: =#REF! -> #REF! | C114: =#REF! -> #REF! | M114: UNIDAD | N114: =#REF! -> #REF!
A115: FECHA dd-mm-aaaa | B115: LOCALIZACIÓN | D115: DIMENSIONES | G115: CANTIDAD | H115: UNIDAD | I115: TOTAL | J115: ESQUEMA
D116: Largo | E116: Ancho | F116: Alto | I116: ACUMULADO
B117: Cara lateral | D117: 6 | E117: 1 | F117: 0.6 | G117: 1 | H117: M3 | I117: =ROUND(PRODUCT(D117,E117,F117,G117),2) -> 3.6
B118: Cara frontal | D118: 3 | E118: 1 | F118: 0.6 | G118: 1 | H118: M3 | I118: =ROUND(PRODUCT(D118,E118,F118,G118),2) -> 1.8
A127: TOTAL CANTIDAD | I127: =SUM(I117:I126) -> 5.4
A130: ITEM | B130: =#REF! -> #REF! | C130: =#REF! -> #REF! | M130: UNIDAD | N130: =#REF! -> #REF!
A131: FECHA dd-mm-aaaa | B131: LOCALIZACIÓN | D131: DIMENSIONES | G131: CANTIDAD | H131: UNIDAD | I131: TOTAL | J131: ESQUEMA
D132: Largo | E132: Ancho | F132: Alto | I132: ACUMULADO
B133: Cara lateral | D133: 6 | E133: 1 | F133: 0.8 | G133: 1 | H133: M3 | I133: =ROUND(PRODUCT(D133,E133,F133,G133),2) -> 4.8
B134: Cara frontal | D134: 3 | E134: 1 | F134: 1.5 | G134: 1 | H134: M3 | I134: =ROUND(PRODUCT(D134,E134,F134,G134),2) -> 4.5
A143: TOTAL CANTIDAD | I143: =SUM(I133:I142) -> 9.3
A146: ITEM | B146: =#REF! -> #REF! | C146: =#REF! -> #REF! | M146: UNIDAD | N146: =#REF! -> #REF!
A147: FECHA dd-mm-aaaa | B147: LOCALIZACIÓN | D147: DIMENSIONES | G147: CANTIDAD | H147: UNIDAD | I147: TOTAL | J147: ESQUEMA
D148: Largo | E148: Ancho | F148: Alto | I148: ACUMULADO
B149: Caras bocatoma | D149: 3.2 | F149: 0.7 | H149: M2 | I149: =ROUND(PRODUCT(D149,E149,F149,G149),2) -> 2.24
D150: 2.4 | F150: 0.7 | H150: M2 | I150: =ROUND(PRODUCT(D150,E150,F150,G150),2) -> 1.68
D151: 2.6 | F151: 0.7 | H151: M2 | I151: =ROUND(PRODUCT(D151,E151,F151,G151),2) -> 1.82
D152: 1 | F152: 0.7 | H152: M2 | I152: =ROUND(PRODUCT(D152,E152,F152,G152),2) -> 0.7
D153: 3 | F153: 0.7 | H153: M2 | I153: =ROUND(PRODUCT(D153,E153,F153,G153),2) -> 2.1
D154: 1 | F154: 0.7 | H154: M2 | I154: =ROUND(PRODUCT(D154,E154,F154,G154),2) -> 0.7
D155: 1 | F155: 0.7 | H155: M2 | I155: =ROUND(PRODUCT(D155,E155,F155,G155),2) -> 0.7
D156: 1.5 | F156: 0.7 | H156: M2 | I156: =ROUND(PRODUCT(D156,E156,F156,G156),2) -> 1.05
D157: 1 | F157: 0.7 | H157: M2 | I157: =ROUND(PRODUCT(D157,E157,F157,G157),2) -> 0.7
D158: 2.8 | F158: 0.7 | H158: M2 | I158: =ROUND(PRODUCT(D158,E158,F158,G158),2) -> 1.96
D159: =(2.8+1.5)/2 -> 2.15 | E159: 0.35 | H159: M2 | I159: =ROUND(PRODUCT(D159,E159,F159,G159),2) -> 0.75
D160: =2.8/2 -> 1.4 | E160: 0.35 | H160: M2 | I160: =ROUND(PRODUCT(D160,E160,F160,G160),2) -> 0.49
B161: Caras superiores | D161: =SUM(D149:D160) -> 23.05 | E161: 0.3 | H161: M2 | I161: =ROUND(PRODUCT(D161,E161,F161,G161),2) -> 6.92
A162: TOTAL CANTIDAD | I162: =SUM(I149:I161) -> 21.81
A165: ITEM | B165: =#REF! -> #REF! | C165: =#REF! -> #REF! | M165: UNIDAD | N165: =#REF! -> #REF!
A166: FECHA dd-mm-aaaa | B166: LOCALIZACIÓN | D166: DIMENSIONES | G166: CANTIDAD | H166: UNIDAD | I166: TOTAL | J166: ESQUEMA
D167: Largo | E167: Ancho | F167: Alto | I167: ACUMULADO
B168: Caras bocatoma | D168: 3.2 | F168: 0.7 | G168: 0.7 | H168: M2 | I168: =ROUND(PRODUCT(D168,E168,F168,G168),2) -> 1.57
D169: 2.4 | F169: 0.7 | G169: 0.7 | H169: M2 | I169: =ROUND(PRODUCT(D169,E169,F169,G169),2) -> 1.18
D170: 2.6 | F170: 0.7 | G170: 0.7 | H170: M2 | I170: =ROUND(PRODUCT(D170,E170,F170,G170),2) -> 1.27
D171: 1 | F171: 0.7 | G171: 0.7 | H171: M2 | I171: =ROUND(PRODUCT(D171,E171,F171,G171),2) -> 0.49
D172: 3 | F172: 0.7 | G172: 0.7 | H172: M2 | I172: =ROUND(PRODUCT(D172,E172,F172,G172),2) -> 1.47
...

Sheet Especificaciones
B2: Especificaciones Técnicas - Sistema Hídrico del Centro para la Formación Cafetera
B5: Ítem 1.1: Mantenimiento correctivo de la motobomba, incluye Instalación, montaje y empotramiento.
B6: A. Objetivo:
B7: Esta especificación técnica detalla los procedimientos y requisitos necesarios para la instalación, montaje y empotramiento de una motobomba en un sistema de bombeo específico.
B9: B. Equipo y materiales necesarios:
B10: - Motobomba. (suministrada por el SENA)
B11: - Tuberías y accesorios adecuados para el sistema de bombeo (suministrada por el contratista).
B12: - Herramientas de instalación (llaves, destornilladores, etc.).
B13: - Equipo de protección personal (guantes, gafas de seguridad, etc.).
B15: C. Procedimiento:
B17: a. Preparación del área:
B18: - Verificar que el área donde se instalará la motobomba esté limpia y nivelada.
... B1200: Esta especificación técnica garantiza una ejecución uniforme y controlada, conforme a los estándares de calidad institucional.
